 Dungeon Crawl Stone Soup version 0.28-a0-1510-gd0f6b136d3 (webtiles) character file.

Game seed: 592920270911955891

525 oldriver the Vexing (level 7, 0/52 HPs)
             Began as a Gnoll Arcane Marksman on Jan 15, 2022.
             Slain by an ogre (19 damage)
             ... on level 4 of the Dungeon.
             The game lasted 00:04:59 (3374 turns).

oldriver the Vexing (Gnoll Arcane Marksman)         Turns: 3374, Time: 00:05:03

Health: 0/52       AC:  7    Str: 11    XL:     7   Next: 22%
Magic:  12/12      EV: 10    Int: 13    God:
Gold:   98         SH:  5    Dex: 12    Spells: 12/13 levels left

rFire   . . .      SeeInvis .   a - +0 hunting sling
rCold   . . .      Faith    .   (no shield)
rNeg    . . .      Spirit   .   u - +0 scale mail
rPois   .          Reflect  +   (no helmet)
rElec   .          Harm     .   p - +0 cloak
rCorr   .          Rampage  .   (no gloves)
Will    .....                   (no boots)
Stlth   +.........              s - amulet of reflection
HPRegen 0.17/turn               (no ring)
MPRegen 0.13/turn               (no ring)

@: no status effects
A: fangs 1, strong nose, distributed training
a: no special abilities


You were on level 4 of the Dungeon.
You visited 1 branch of the dungeon, and saw 4 of its levels.

You collected 98 gold pieces.

Inventory:

Hand Weapons
 a - a +0 hunting sling (weapon)
 l - a +1 whip of electrocution
Missiles
 b - 86 stones
 c - 48 sling bullets (quivered ammo)
 i - a poisoned dart
Armour
 p - a +0 cloak (worn)
 u - a +0 scale mail (worn)
Jewellery
 s - an amulet of reflection (around neck)
Scrolls
 e - a scroll of amnesia {unknown}
 f - a scroll of enchant weapon {unknown}
 j - 2 scrolls of immolation {unknown}
 k - a scroll of identify
 m - a scroll of fog {unknown}
 n - a scroll of noise {unknown}
 o - a scroll of summoning {unknown}
 t - a scroll of enchant armour {unknown}
Potions
 d - a potion of invisibility {unknown}
 g - a potion of mutation {unknown}
 h - a potion of haste {unknown}
 q - a potion of attraction {unknown}
 r - 2 potions of cancellation {unknown}


   Skills:
 + Level 3.5 Fighting
 + Level 2.3 Short Blades
 + Level 2.3 Long Blades
 + Level 2.3 Axes
 + Level 2.3 Maces & Flails
 + Level 2.3 Polearms
 + Level 2.3 Staves
 + Level 5.2 Slings
 + Level 2.3 Bows
 + Level 2.3 Crossbows
 + Level 2.3 Throwing
 + Level 2.3 Armour
 + Level 5.2 Dodging
 + Level 2.3 Stealth
 + Level 2.3 Shields
 + Level 2.3 Unarmed Combat
 + Level 3.7 Spellcasting
 + Level 1.9 Conjurations
 + Level 5.8 Hexes
 + Level 1.9 Summonings
 + Level 1.9 Necromancy
 + Level 1.9 Translocations
 + Level 1.9 Transmutations
 + Level 1.9 Fire Magic
 + Level 1.9 Ice Magic
 + Level 1.9 Air Magic
 + Level 1.9 Earth Magic
 + Level 1.9 Poison Magic
 + Level 2.6 Invocations
 + Level 2.3 Evocations


You had 12 spell levels left.
You knew the following spells:

 Your Spells              Type           Power      Damage    Failure   Level
a - Slow                  Hex            68%        N/A       11%         1

Your spell library contained the following spells:

 Spells                   Type           Power      Damage    Failure   Level
 Inner Flame              Hex/Fire       12%        N/A       58%         3
 Portal Projectile        Hex/Tloc       24%        N/A       58%         3
 Cause Fear               Hex            8%         N/A       73%         4


Dungeon Overview and Level Annotations

Branches:
Dungeon (4/15)
 Temple: D:4-7

Altars:
Okawaru

Annotations:
D:3 3 runed translucent doors, Pin's ghost, weakling DrTm


Innate Abilities, Weirdness & Mutations

You have very sharp teeth.
Your uncanny sense of smell can sniff out nearby items.
Your experience applies equally to all skills.


Message History

c - 48 sling bullets (gained 2)
c - 49 sling bullets (gained 1)
You see here a jackal corpse.
c - 50 sling bullets (gained 1)
c - 51 sling bullets (gained 1)
You now have 98 gold pieces (gained 15).
q - a fuming grey potion An ogre comes into view.
It is wielding a +0 giant club.
The ogre shouts!
An ogre is nearby!
You shoot a sling bullet. The sling bullet hits the ogre.
The ogre is lightly wounded.
You shoot a sling bullet. The sling bullet hits the ogre.
The ogre is lightly wounded.
You shoot a sling bullet. The sling bullet hits the ogre.
The ogre is moderately wounded.
The ogre hits you with a +0 giant club!
Fire: 48 sling bullets
Press: ? - help, Q - select action, (/) - cycle Shift-Dir - straight line, f/p - ogre
Aim: an ogre, wielding a +0 giant club (moderately wounded, 75% to hit)
Okay, then.
You aren't carrying any items that you can evoke.
Unknown command.
Throw: 3 darts (poison)
Press: ? - help, Shift-Dir - straight line, f/p - ogre
Aim: an ogre, wielding a +0 giant club (moderately wounded, 74% to hit)
You throw a poisoned dart. The poisoned dart hits the ogre.
The ogre is poisoned.
The ogre is moderately wounded.
The ogre hits you with a +0 giant club!!
* * * LOW HITPOINT WARNING * * *
The ogre looks more healthy.
You block the ogre's attack.
Throw: 2 darts (poison)
Press: ? - help, Shift-Dir - straight line, f/p - ogre
Aim: an ogre, wielding a +0 giant club (heavily wounded, 74% to hit)
You throw a poisoned dart. The poisoned dart hits the ogre.
The ogre is heavily wounded.
The ogre hits you with a +0 giant club!!
You die...

# #...##.######.#.......#
#........# #.#........#
#...##...####.#........#
######.###...........#.....#
#...†#.#........#....#.....#
##....#.#........#....#######
#.......#........J....#
#.....###.......O.#.###
#..............@..#... ∆
#.....##..).......#.####
#......#.....[....#.....
####...#..........#.....
#...#.<........#..#..
####...#................
#......#.#.......###.#...
.#...........##.#.........
.#...........##.#.##......


You could see an ogre and a jelly.

Vanquished Creatures
  Grinder (D:3)
  An ogre (D:3)
  A bullfrog (D:3)
  A scorpion (D:4)
  A jelly (D:4)
  An adder (D:3)
  A gnoll (D:2)
  A dart slug (D:1)
  An orc (D:3)
  7 bats
  2 endoplasms (D:1)
  2 giant cockroaches
  4 hobgoblins
  7 jackals
  4 quokkas
  5 ball pythons
  3 frilled lizards (D:1)
  4 goblins
  8 kobolds
  A quokka skeleton (D:4)
  5 rats
61 creatures vanquished.

Notes
Turn   | Place    | Note
-------+----------+-------------------------------------------
     0 | D:1      | oldriver the Gnoll Arcane Marksman began the quest for the
                  | Orb.
     0 | D:1      | Reached XP level 1. HP: 17/17 MP: 4/4
   140 | D:1      | Reached XP level 2. HP: 18/23 MP: 5/5
   661 | D:1      | Reached XP level 3. HP: 28/28 MP: 7/7
   901 | D:2      | Found a faded altar of an unknown god.
   925 | D:2      | Reached skill level 1 in Invocations
  1246 | D:2      | Reached skill level 1 in Short Blades
  1246 | D:2      | Reached skill level 1 in Long Blades
  1246 | D:2      | Reached skill level 1 in Axes
  1246 | D:2      | Reached skill level 1 in Maces & Flails
  1246 | D:2      | Reached skill level 1 in Polearms
  1246 | D:2      | Reached skill level 1 in Staves
  1246 | D:2      | Reached skill level 1 in Bows
  1246 | D:2      | Reached skill level 1 in Crossbows
  1246 | D:2      | Reached skill level 1 in Throwing
  1246 | D:2      | Reached skill level 1 in Armour
  1246 | D:2      | Reached skill level 1 in Stealth
  1246 | D:2      | Reached skill level 1 in Shields
  1246 | D:2      | Reached skill level 1 in Unarmed Combat
  1246 | D:2      | Reached skill level 1 in Evocations
  1270 | D:2      | Found an iron altar of Okawaru.
  1502 | D:3      | Reached XP level 4. HP: 34/34 MP: 8/8
  1558 | D:3      | Noticed a bullfrog
  1576 | D:3      | Killed a bullfrog
  1577 | D:3      | Reached skill level 1 in Conjurations
  1577 | D:3      | Reached skill level 1 in Summonings
  1577 | D:3      | Reached skill level 1 in Necromancy
  1577 | D:3      | Reached skill level 1 in Translocations
  1577 | D:3      | Reached skill level 1 in Transmutations
  1577 | D:3      | Reached skill level 1 in Fire Magic
  1577 | D:3      | Reached skill level 1 in Ice Magic
  1577 | D:3      | Reached skill level 1 in Air Magic
  1577 | D:3      | Reached skill level 1 in Earth Magic
  1577 | D:3      | Reached skill level 1 in Poison Magic
  1577 | D:3      | Reached XP level 5. HP: 23/40 MP: 9/9
  1800 | D:3      | Noticed Grinder
  1803 | D:3      | Noticed an ogre
  1834 | D:3      | Paralysed by Grinder for 4 turns
  1840 | D:3      | Paralysed by Grinder for 7 turns
  1866 | D:3      | Paralysed by Grinder for 2 turns
  1916 | D:3      | Found a runed translucent gate.
  1916 | D:3      | Found a runed translucent gate.
  1917 | D:3      | Noticed Pin's ghost (weakling DrTm)
  1926 | D:3      | Noticed a kobold brigand
  1929 | D:3      | Found a runed translucent gate.
  2154 | D:3      | Killed an ogre
  2155 | D:3      | Reached XP level 6. HP: 10/47 MP: 10/10
  2356 | D:3      | Paralysed by Grinder for 2 turns
  2380 | D:3      | Paralysed by Grinder for 3 turns
  2387 | D:3      | Killed Grinder
  2388 | D:3      | Reached skill level 5 in Slings
  2388 | D:3      | Reached skill level 5 in Dodging
  2769 | D:4      | Reached XP level 7. HP: 12/52 MP: 12/12
  3374 | D:4      | Slain by an ogre

Illustrated notes

Levels and vault maps discovered:
D:1:      lightli_arrival_lavapool, layout_basic
D:2:      minmay_spotlight, layout_rooms, nicolae_ecumenical_pavilion,
          basic_altar, nrook_loot_triangle,
          hangedman_abyss_or_decor_lesser_grid, minmay_misc_feat_square
D:3:      layout_loops_ring, gammafunk_ghost_nasty_kobolds, uniq_grinder
D:4:      minmay_general_purpose_star, layout_basic,
          grunt_temple_overflow_opulence, grunt_decor_fettered

Skill      XL: |  1  2  3  4  5  6 |
---------------+-------------------+-----
Invocations    | 1 2 |  2.6
Short Blades   | 1 2 |  2.3
Long Blades    | 1 2 |  2.3
Axes           | 1 2 |  2.3
Maces & Flails | 1 2 |  2.3
Polearms       | 1 2 |  2.3
Staves         | 1 2 |  2.3
Bows           | 1 2 |  2.3
Crossbows      | 1 2 |  2.3
Throwing       | 1 2 |  2.3
Armour         | 1 2 |  2.3
Stealth        | 1 2 |  2.3
Shields        | 1 2 |  2.3
Unarmed Combat | 1 2 |  2.3
Evocations     | 1 2 |  2.3
Spellcasting   | 3 |  3.7
Conjurations   | 1 |  1.9
Summonings     | 1 |  1.9
Necromancy     | 1 |  1.9
Translocations | 1 |  1.9
Transmutations | 1 |  1.9
Fire Magic     | 1 |  1.9
Ice Magic      | 1 |  1.9
Air Magic      | 1 |  1.9
Earth Magic    | 1 |  1.9
Poison Magic   | 1 |  1.9
Fighting       | 3 |  3.5
Slings         | 5 |  5.2
Dodging        | 5 |  5.2
Hexes          | |  5.8

Action                   |  1- 3 |  4- 6 |  7- 9 || total
-------------------------+-------+-------+-------++-------
Melee: Hunting sling     |       |     2 |       ||     2
 Fire: Hunting sling     |    97 |    71 |    21 ||   189
Throw: Dart              |       |       |     2 ||     2
  Use: Potion            |       |     6 |       ||     6
       Scroll            |       |     1 |       ||     1
Armor: Robe              |     6 |     5 |       ||    11
       Skin              |       |     2 |       ||     2
       Leather armour    |       |     6 |       ||     6
       Scale mail        |       |       |     1 ||     1
Dodge: Dodged            |    10 |    26 |     1 ||    37
Block: Other             |       |       |     4 ||     4

Table legend: (Time is in decaauts)
 A = Elapsed time spent in this place.
 B = Non-inter-level travel time spent in this place.
 C = Inter-level travel time spent in this place.
 D = Time resting spent in this place.
 E = Time spent auto-exploring this place.
 F = Levels seen in this place.
 G = Mean time per level.
                   A        B        C        D        E       F      G
               +--------+--------+--------+--------+--------+-----+--------+
         Total |   3369 |   3192 |    177 |    653 |   1903 |   4 |  842.2 |
       Dungeon |   3369 |   3192 |    177 |    653 |   1903 |   4 |  842.2 |
               +--------+--------+--------+--------+--------+-----+--------+

Top non-repeatable levels by time:
     D:3: 1589 daAuts
     D:1: 899 daAuts
     D:2: 567 daAuts
     D:4: 313 daAuts
